 Dungeon Crawl Stone Soup version 0.25-a0-399-gcf1075a (webtiles) character file.

Game seed: 6131712850859005515, levelgen mode: deterministic

775 Birdy the Cutter (level 7, -3/55 HPs)
             Began as a Centaur Assassin on Jan 8, 2020.
             Was an Initiate of Wu Jian.
             Slain by Grinder (8 damage)
             ... while paralysed by Grinder
             ... on level 4 of the Dungeon.
             The game lasted 00:11:03 (4360 turns).

Birdy the Cutter (Centaur Assassin)                 Turns: 4360, Time: 00:11:03

Health: -3/55      AC:  9    Str: 14    XL:     7   Next: 54%
Magic:  7/7        EV:  1    Int: 16    God:    Wu Jian [......]
Gold:   223        SH:  0    Dex: 10    Spells: 6/6 levels left

rFire    . . .     SeeInvis .   p - +0 rapier
rCold    . . .     Gourm    .   (no shield)
rNeg     . . .     Faith    .   b - +0 robe
rPois    .         Spirit   .   (no helmet)
rElec    .         Reflect  .   c - +0 cloak
rCorr    .         Harm     .   (no gloves)
MR       .....     Clarity  +   (no barding)
Stlth    ++........             (no amulet)
HPRegen  0.18/turn              m - +6 ring of intelligence
MPRegen  0.10/turn              d - +2 ring of protection

@: paralysed, very quick
A: large, hooves 3, yellow scales 1, clarity, clumsy 1, deformed body, speed 2,
tough skin 3, MP-powered wands
a: Renounce Religion


You were on level 4 of the Dungeon.
You worshipped Wu Jian.
Wu Jian was noncommittal.
You were very hungry.

You visited 2 branches of the dungeon, and saw 5 of its levels.

You collected 223 gold pieces.

Inventory:

Hand Weapons
 a - a +2 dagger
 p - a +0 rapier (weapon)
Missiles
 h - 2 curare-tipped darts (quivered)
 i - 6 poisoned darts
Armour
 b - a +0 robe (worn)
 c - a +0 cloak (worn)
Jewellery
 d - a +2 ring of protection (right hand)
 m - a +6 ring of intelligence (left hand)
Scrolls
 e - 6 scrolls of identify
 j - a scroll of blinking
 l - a scroll of remove curse
Potions
 g - 4 potions of curing
 o - a potion of haste
Comestibles
 f - 7 rations


   Skills:
 - Level 2.0 Fighting
 * Level 6.5 Short Blades
 - Level 2.1 Throwing
 - Level 1.0 Dodging
 + Level 4.1 Stealth


You had 6 spell levels left.
You didn't know any spells.
Your spell library was empty.

Dungeon Overview and Level Annotations

Branches:
Dungeon (4/15)             Temple (1/1) D:4

Altars:
Ashenzari
Cheibriados
Dithmenos
Fedhas
Gozag
Hepliaklqana
Kikubaaqudgha
Nemelex Xobeh
Qazlal
Ru
Sif Muna
Trog
Uskayaw
Wu Jian
Xom
Yredelemnul
Zin
The Shining One

Shops:
D:4 !

Annotations:
D:4 Grinder


Innate Abilities, Weirdness & Mutations

You have hooves in place of feet.
Armour fits poorly on your strangely shaped body.
You cover ground very quickly.
You have extremely tough skin. (AC +3)
You are partially covered in yellow scales. (AC +2)
You possess an exceptional clarity of mind.
You are clumsy. (Dex -2)
You expend magic power (3 MP) to strengthen your wands.


Message History

Grinder hits you!
You writhe in agony.
You barely miss Grinder.
Grinder is severely wounded.
Grinder hits you.
You closely miss Grinder. Your kick misses Grinder.
Grinder is severely wounded.
Grinder gestures at you. Pain shoots through your body!
You closely miss Grinder. You kick Grinder, but do no damage.
Grinder is severely wounded.
Grinder gestures at you.
You suddenly lose the ability to move!
Grinder hits you.
You writhe in agony.
* * * LOW HITPOINT WARNING * * *
Grinder hits you.
* * * LOW HITPOINT WARNING * * *
You writhe in agony.
* * * LOW HITPOINT WARNING * * *
Grinder hits you!
You die...

.........# ######.#
###.####.########......######
.......................'...>#
#########'######.......######
####..(.....# #....#####
...#........####....#...###
...#........##......#_..'.#
...#(.......##..5..(#...#.#
...#........##..@...#####.#
...((.####...#....[)['....#
...##.# #.>.#.......######
...##'####...#...<.....##
.........#...##..##'##..####
##.......###.##.....###....##
#.......# #.###.######.##..#
#.......# #..##.# #........#
#.......# ##.##.# #.8.8.8..#


You could see Grinder.

Vanquished Creatures
  Edmund (D:4)
  A sky beast (D:3)
  An ogre (D:4)
  A scorpion (D:4)
  A hound (D:4)
  2 orc priests
  A bullfrog skeleton (D:4)
  An iguana (D:3)
  2 orc wizards (D:4)
  2 worker ants
  8 adders
  A shadow imp (D:4)
  2 oozes
  A worm (D:3)
  3 dart slugs
  5 leopard geckos
  10 orcs (D:4)
  3 ball pythons
  7 bats
  5 giant cockroaches
  8 goblins
  2 hobgoblins (D:2)
  4 jackals (D:3)
  4 kobolds
  2 quokkas (D:3)
  5 frilled lizards
  A jackal skeleton (D:4)
  A leopard gecko skeleton (D:4)
  6 rats
91 creatures vanquished.

Notes
Turn   | Place    | Note
-------+----------+-------------------------------------------
     0 | D:1      | Birdy the Centaur Assassin began the quest for the Orb.
     0 | D:1      | Reached XP level 1. HP: 17/17 MP: 1/1
    48 | D:1      | Reached skill level 2 in Short Blades
   101 | D:1      | Reached XP level 2. HP: 19/24 MP: 2/2
   138 | D:1      | Reached skill level 1 in Dodging
   591 | D:2      | Found a stormy altar of Qazlal.
   600 | D:2      | Reached XP level 3. HP: 23/29 MP: 3/3
   609 | D:2      | Found a sacrificial altar of Ru.
   613 | D:2      | Found a hazy altar of Hepliaklqana.
   817 | D:2      | Reached skill level 3 in Short Blades
   977 | D:2      | You fall into a shaft and drop 2 floors!
   977 | D:4      | Noticed an ogre
   988 | D:4      | Found a bloodstained altar of Trog.
  1002 | D:4      | Noticed Edmund
  1116 | D:2      | Reached XP level 4. HP: 20/36 MP: 4/4
  1387 | D:2      | Found an ancient bone altar of Kikubaaqudgha.
  1705 | D:2      | Gained mutation: You are weak. (Str -2) [potion of
                  | mutation]
  1705 | D:2      | Lost mutation: You are weak. (Str -2) [potion of mutation]
  1705 | D:2      | Gained mutation: You tend to lose your temper in combat.
                  | [potion of mutation]
  1705 | D:2      | Gained mutation: You are robust. (+10% HP) [potion of
                  | mutation]
  1706 | D:2      | Lost mutation: You tend to lose your temper in combat.
                  | [potion of mutation]
  1706 | D:2      | Lost mutation: You are robust. (+10% HP) [potion of
                  | mutation]
  1706 | D:2      | Gained mutation: You possess an exceptional clarity of
                  | mind. [potion of mutation]
  1706 | D:2      | Gained mutation: You are clumsy. (Dex -2) [potion of
                  | mutation]
  1706 | D:2      | Gained mutation: You are partially covered in yellow
                  | scales. (AC +2) [potion of mutation]
  1706 | D:2      | Gained mutation: You expend magic power (3 MP) to
                  | strengthen your wands. [potion of mutation]
  1760 | D:3      | Found a shattered altar of Ashenzari.
  1861 | D:3      | Reached skill level 4 in Short Blades
  1861 | D:3      | Reached XP level 5. HP: 4/41 MP: 5/5
  2331 | D:3      | Found a snail-covered altar of Cheibriados.
  2579 | D:4      | Found Kotseep's Distillery.
  2625 | D:4      | Reached XP level 6. HP: 22/48 MP: 6/6
  2928 | D:4      | Reached skill level 5 in Short Blades
  2944 | D:4      | Noticed Grinder
  2949 | D:4      | Killed Edmund
  2955 | D:4      | Paralysed by Grinder for 6 turns
  3246 | D:4      | Reached XP level 7. HP: 53/55 MP: 7/7
  3280 | D:4      | Paralysed by Grinder for 5 turns
  3431 | D:3      | Reached skill level 6 in Short Blades
  3986 | D:4      | Found a staircase to the Ecumenical Temple.
  3994 | Temple   | Entered the Ecumenical Temple
  4108 | Temple   | Became a worshipper of the Wu Jian Council
  4119 | D:4      | Paralysed by Grinder for 4 turns
  4132 | D:4      | Paralysed by Grinder for 2 turns
  4145 | D:4      | Found a shadowy altar of Dithmenos.
  4357 | D:4      | Paralysed by Grinder for 4 turns
  4360 | D:4      | Slain by Grinder

Levels and vault maps discovered:
D:1:      erik_arrival_blinker_ship, layout_basic
D:2:      minmay_alternating_diamond, layout_loops_ring,
          minmay_overflow_temple_star_quad, lemuel_round_altar,
          minmay_tetromino_s4
D:3:      layout_rooms, kennysheep_slug_shrine, overflow_temple_1_default
D:4:      layout_basic, lemuel_doored_altar,
          minmay_temple_entry_statues_fountains, serial_shops, shop,
          grunt_dithmenos_shadows, uniq_edmund, uniq_grinder
Temple:   minmay_freezing_vapour_temple

Skill      XL: |  1  2  3  4  5  6  7 |
---------------+----------------------+-----
Short Blades   | 2 3 4 5 6 |  6.5
Dodging        | 1 |  1.0
Stealth        | 3 4 |  4.1
Fighting       | |  2.0
Throwing       | |  2.1

Action                   |  1- 3 |  4- 6 |  7- 9 || total
-------------------------+-------+-------+-------++-------
Melee: Dagger            |    87 |   166 |       ||   253
       Kick              |    14 |    32 |    11 ||    57
       Rapier            |       |    16 |    81 ||    97
Throw: Dart              |     2 |    29 |    15 ||    46
Evoke: Wand              |       |     4 |       ||     4
  Use: Scroll            |       |     9 |       ||     9
       Potion            |       |     8 |     1 ||     9
 Stab: Sleeping          |     1 |       |       ||     1
  Eat: Chunk             |       |     5 |     3 ||     8
Armor: Robe              |    39 |    63 |    31 ||   133
       Skin              |       |       |     7 ||     7
Dodge: Dodged            |    45 |    76 |    20 ||   141

Table legend:
 A = Non-vault XP
 B = Vault XP
 C = Vault XP percentage of total XP
 D = Non-vault monster count
 E = Vault monster count
 F = Vault count percentage of total count
                 A         B        C        D         E       F
            +---------+---------+-------+---------+---------+-------
      Total |     871 |     237 |  21.4 |      83 |       8 |   8.8
            +---------+---------+-------+---------+---------+-------
        D:1 |      35 |       0 |   0.0 |      19 |       0 |   0.0
        D:2 |      53 |      49 |  48.0 |      20 |       5 |  20.0
        D:3 |     278 |       4 |   1.4 |      17 |       1 |   5.6
        D:4 |     505 |     184 |  26.7 |      27 |       2 |   6.9
            +---------+---------+-------+---------+---------+-------
